 Dungeon Crawl Stone Soup version 0.26-a0-259-g1effd001a9 (webtiles) character file.

Game seed: 7296111271739900906

77 mortelune the Skirmisher (level 4, -3/37 HPs)
             Began as a Formicid Abyssal Knight on July 11, 2020.
             Was a Follower of Lugonu.
             Killed by divine providence
             ... invoked by an orc priest
              (14 damage)
             ... on level 3 of the Dungeon.
             The game lasted 00:02:21 (2152 turns).

mortelune the Skirmisher (Formicid Abyssal Knight)  Turns: 2152, Time: 00:02:21

Health: -3/37      AC:  6    Str: 18    XL:     4   Next: 58%
Magic:  5/5        EV: 10    Int: 11    God:    Lugonu [*.....]
Gold:   89         SH:  0    Dex: 10    Spells: 3/3 levels left

rFire    . . .     SeeInvis +   a - +1 hand axe
rCold    . . .     Faith    .   (no shield)
rNeg     . . .     Spirit   .   f - +0 ring mail
rPois    .         Reflect  .   (helmet unavailable)
rElec    .         Harm     .   k - +0 cloak
rCorr    .                      (no gloves)
MR       .....                  (no boots)
Stlth    ..........             (no amulet)
HPRegen  0.12/turn              (no ring)
MPRegen  0.09/turn              (no ring)

@: no status effects
A: permanent stasis, dig shafts and tunnels, four strong arms, antennae 3
a: Dig, Shaft Self, Depart the Abyss, Renounce Religion


You were on level 3 of the Dungeon.
You worshipped Lugonu.
Lugonu was aware of your devotion.
You were not hungry.

You visited 1 branch of the dungeon, and saw 3 of its levels.
You visited the Abyss 1 time.

You collected 89 gold pieces.

Inventory:

Hand Weapons
 a - a +1 hand axe (weapon)
Missiles
 e - 10 sling bullets
 Q - 45 stones (quivered)
Armour
 b - a +0 leather armour
 f - a +0 ring mail (worn)
 k - a +0 cloak (worn)
Scrolls
 g - a scroll of fog {unknown}
 i - 7 scrolls of identify {unknown}
 j - 3 scrolls of teleportation {unknown}
 l - a scroll of fear {unknown}
 o - a scroll of random uselessness {unknown}
Potions
 d - 3 potions of flight {unknown}
 h - 3 potions of curing {unknown}
 m - a potion of magic {unknown}
 n - 2 potions of haste {unknown}
Comestibles
 c - 3 rations


   Skills:
 + Level 3.9 Fighting
 * Level 3.4 Axes
 + Level 3.1 Armour
 - Level 0.8 Dodging
 - Level 2.1 Invocations


You had 3 spell levels left.
You didn't know any spells.
Your spell library contained the following spells:

 Spells                   Type           Power        Failure   Level
 Magic Dart               Conj           #...         52%         1
 Call Imp                 Summ           #.......     67%         2
 Slow                     Hex            #.......     67%         2
 Conjure Flame            Conj/Fire      #.......     88%         3
 Mephitic Cloud           Conj/Pois/Air  #.......     88%         3
 Blink                    Tloc           Unusable     N/A         2

Dungeon Overview and Level Annotations

Branches:
Dungeon (3/15)

Altars:
Xom
Zin


Innate Abilities, Weirdness & Mutations

You cannot be hasted, slowed, berserked, paralysed or teleported.
You can dig through walls and to a lower floor.
Your four strong arms can wield two-handed weapons with a shield.
You have a pair of large antennae on your head. (SInv)


Message History

The orc is moderately wounded.
The orc priest looks braver for a moment.
The orc closely misses you.
You closely miss the orc.
The orc is moderately wounded.
The orc hits you but does no damage.
You hit the orc.
The orc is severely wounded.
The orc priest calls down the wrath of Beogh upon you.
Beogh smites you!
* * * LOW HITPOINT WARNING * * *
You barely miss the orc.
The orc is severely wounded.
The orc barely misses you.
You barely miss the orc.
The orc is severely wounded.
The orc barely misses you.
The orc priest invokes the aid of Beogh against you.
Beogh smites you!
You die...

.# .# # ##.#######
.# .# .........# .#
.# ...#####.# .##..
##.## ... #
####<..###.##...#
#.........@oo......
#.####...###)#!##..
##.## ..# ...# $##
.#### .. # .. ###


You could see an orc priest and an orc.

Vanquished Creatures
  2 adders (D:2)
  2 worms (D:2)
  2 dart slugs
  A leopard gecko (D:1)
  An orc (D:3)
  3 ball pythons
  8 bats
  3 giant cockroaches
  3 goblins (D:2)
  8 hobgoblins
  2 frilled lizards
  5 kobolds
  4 rats (D:1)
44 creatures vanquished.

Vanquished Creatures (others)
  A bat (D:2)
1 creature vanquished.

Grand Total: 45 creatures vanquished

Notes
Turn   | Place    | Note
-------+----------+-------------------------------------------
     0 | Abyss:1  | mortelune the Formicid Abyssal Knight began the quest for
                  | the Orb.
     0 | Abyss:1  | Reached XP level 1. HP: 18/18 MP: 2/2
    49 | Abyss:1  | Found a corrupted altar of Lugonu.
   139 | Abyss:1  | Noticed a quasit
   142 | D:1      | Escaped the Abyss
   275 | D:1      | Reached XP level 2. HP: 13/24 MP: 3/3
   764 | D:1      | Reached * piety under Lugonu
  1011 | D:1      | Reached XP level 3. HP: 29/29 MP: 4/4
  1203 | D:2      | Found a shimmering altar of Xom.
  1208 | D:2      | Noticed an angel
  1212 | D:2      | Found a glowing silver altar of Zin.
  1372 | D:2      | Reached XP level 4. HP: 29/37 MP: 5/5
  2152 | D:3      | Killed from afar by an orc priest

Illustrated notes

Levels and vault maps discovered:
D:1:      lightli_molten_gateway, layout_basic
D:2:      layout_rooms, grunt_temple_overflow_order_and_chaos_1,
          dk_noncrumbling_3
D:3:      layout_loops_ring, grunt_temple_overflow_open, first_ration,
          kennysheep_crisscross

Skill      XL: |  1  2  3  4 |
---------------+-------------+-----
Axes           | 3 |  3.4
Armour         | 3 |  3.1
Fighting       | |  3.9
Dodging        | |  0.8
Invocations    | |  2.1

Action                   |  1- 3 |  4- 6 || total
-------------------------+-------+-------++-------
Melee: Hand axe          |   109 |    49 ||   158
Invok: Depart the Abyss  |     1 |       ||     1
  Eat: Ration            |     1 |       ||     1
Armor: Leather armour    |    19 |       ||    19
       Ring mail         |    24 |    14 ||    38
Dodge: Dodged            |    81 |    33 ||   114

Table legend:
 A = Non-vault XP
 B = Vault XP
 C = Vault XP percentage of total XP
 D = Non-vault monster count
 E = Vault monster count
 F = Vault count percentage of total count
                 A         B        C        D         E       F
            +---------+---------+-------+---------+---------+-------
      Total |     110 |       0 |   0.0 |      44 |       0 |   0.0
            +---------+---------+-------+---------+---------+-------
        D:1 |      40 |       0 |   0.0 |      24 |       0 |   0.0
        D:2 |      66 |       0 |   0.0 |      18 |       0 |   0.0
        D:3 |       4 |       0 |   0.0 |       2 |       0 |   0.0
            +---------+---------+-------+---------+---------+-------
